 Dungeon Crawl Stone Soup version 0.29.1-15-g9cfb28693d (webtiles) character file.

Game seed: 5309524795519516586

1801 Balder the Ducker (level 8, -8/61 HPs)
             Began as a Demonspawn Gladiator on Mar 15, 2023.
             Was a Follower of Okawaru.
             Mangled by a gnoll sergeant
             ... wielding a +4 spear of venom
              (9 damage)
             ... on level 6 of the Dungeon.
             The game lasted 00:22:37 (5442 turns).

Balder the Ducker (Demonspawn Gladiator)            Turns: 5442, Time: 00:22:38

Health: -8/61      AC: 11    Str: 18    XL:     8   Next: 83%
Magic:  10/10      EV:  9    Int:  9    God:    Okawaru [*.....]
Gold:   311        SH:  5    Dex: 14    Spells: 7/7 levels left

rFire   + . .      SeeInvis .   a - +0 flail
rCold   . . .      Faith    .   (no shield)
rNeg    . . .      Spirit   .   q - +0 chain mail
rPois   .          Reflect  +   y - +0 helmet
rElec   .          Harm     .   m - +0 cloak
rCorr   .          Rampage  .   (no gloves)
Will    .....                   (no boots)
Stlth   ..........              i - amulet of reflection
HPRegen 0.20/turn               x - ring of protection from fire
MPRegen 0.12/turn               (no ring)

@: lethally poisoned (-8 -> -22)
A: hooves 1, (demonic guardian 2), spiny 1, demonic touch 1
a: Renounce Religion, Heroism


You were on level 6 of the Dungeon.
You worshipped Okawaru.
Okawaru was aware of your devotion.
You visited 1 branch of the dungeon, and saw 6 of its levels.

You collected 311 gold pieces.

Inventory:

Hand Weapons
 a - a +0 flail (weapon)
 e - a +0 hand axe of electrocution
Missiles
 o - a javelin
 r - 2 atropa-tipped darts (quivered)
Armour
 c - a +0 helmet
 m - a +0 cloak (worn)
 q - a +0 chain mail (worn)
 y - a +0 helmet (worn)
Jewellery
 i - an amulet of reflection (around neck)
 s - a +4 ring of slaying
 u - an amulet of the acrobat
 x - a ring of protection from fire (left hand)
Wands
 l - a wand of flame (23)
Scrolls
 f - 2 scrolls of butterflies
 h - a scroll of identify
 k - a scroll of fear
 n - a scroll of poison {unknown}
 p - a scroll of magic mapping {unknown}
 t - 2 scrolls of summoning {unknown}
 w - a scroll of teleportation {unknown}
 z - 2 scrolls of vulnerability {unknown}
 A - a scroll of amnesia {unknown}
Potions
 d - a potion of magic {unknown}
 g - a potion of berserk rage {unknown}
 j - 3 potions of attraction
 B - a potion of mutation {unknown}


   Skills:
 * Level 4.9 Fighting
 * Level 4.9 Maces & Flails
 * Level 4.4 Throwing
 * Level 3.7 Armour
 * Level 5.0 Dodging
 * Level 4.4 Stealth
 * Level 3.1 Invocations


You had 7 spell levels left.
You didn't know any spells.
Your spell library contained the following spells:

 Spells                   Type           Power      Damage    Failure   Level
 Foxfire                  Conj/Fire      0%         2x1d4     99%         1
 Sting                    Tmut/Pois      0%         1d3       99%         1
 Poisonous Vapours        Pois/Air       0%         N/A       100%        2
 Conjure Flame            Conj/Fire      0%         6-21      100%        3
 Ignite Poison            Fire/Tmut/Pois 0%         N/A       100%        3
 Inner Flame              Hex/Fire       0%         N/A       100%        3
 Mephitic Cloud           Conj/Pois/Air  0%         N/A       100%        3
 Flame Wave               Conj/Fire      0%         2d4       100%        4
 Olgreb's Toxic Radiance  Pois           0%         N/A       100%        4
 Freezing Cloud           Conj/Ice/Air   0%         6-21      100%        5


Dungeon Overview and Level Annotations

Branches:
Dungeon (6/15)             Temple (0/1) D:5

Altars:
Cheibriados
Fedhas
Kikubaaqudgha
Okawaru
Xom
Yredelemnul


Innate Abilities, Weirdness & Mutations

You have large cloven feet.
((A demonic guardian rushes to your aid.))
You are partially covered in sharp spines.
Your touch may inflict minor irresistible damage on your foes.


Message History

The steam dragon bites you but does no damage.
The steam dragon claws you but does no damage.
The gnoll sergeant attacks as you move away!
The gnoll sergeant is struck by your spines.
The gnoll sergeant hits you with a +4 spear of venom.
You are more poisoned.
The steam dragon attacks as you move away!
The steam dragon barely misses you.
The steam dragon claws you but does no damage.
You feel extremely sick.
The gnoll sergeant hits you from afar with a +4 spear of venom.
You are more poisoned.
You thump the steam dragon!
You kill the steam dragon!
Okawaru accepts your kill.
* * * LOW HITPOINT WARNING * * *
You feel extremely sick.
The gnoll sergeant hits you from afar with a +4 spear of venom.
* * * LOW HITPOINT WARNING * * *
You are more poisoned.
Your Dodging skill increases to level 5!
Your Invocations skill increases to level 3!
You feel much better.
You feel extremely sick. The gnoll sergeant closely misses you.
* * * LOW HITPOINT WARNING * * *
You feel extremely sick.
* * * LOW HITPOINT WARNING * * *
You feel very sick. You block the gnoll sergeant's attack.
You closely miss the gnoll sergeant. You kick the gnoll sergeant.
The gnoll sergeant is moderately wounded.
* * * LOW HITPOINT WARNING * * *
You feel very sick. You block the gnoll sergeant's attack.
It was a potion of cancellation.
You feel magically purged.
* * * LOW HITPOINT WARNING * * *
You feel very sick.
The gnoll sergeant hits you with a +4 spear of venom!
You die...

#.. ..## ##
#.. .# ..###
#.. .# # #..#
.##... .#
.##..##..####
.....# .#
.........)..#
....# .#
###+#######g#
##..h.# .#
#@###......
.# .#
#.##...# ...
.# #.)'..##
...# .#
####...#
#...# .#
#...##....#
.# ##......#
.# .⌠...⌠.
##....## .#
.......
##....## .#
.......
##......#


You could see a gnoll sergeant.

Vanquished Creatures
  Grinder (D:5)
  A steam dragon (D:6)
  Edmund (D:6)
  2 black bears
  2 ice beasts (D:6)
  A centaur (D:6)
  A phantom (D:5)
  2 scorpions
  2 necrophages
  A howler monkey (D:5)
  4 hounds
  A jelly (D:6)
  An orc priest (D:5)
  An iguana (D:6)
  Terence (D:2)
  4 orc wizards
  3 gnolls (D:6)
  6 adders
  A shadow imp (D:5)
  2 worms (D:2)
  2 dart slugs
  11 orcs
  5 endoplasms
  2 giant cockroaches
  6 goblins
  8 hobgoblins
  3 jackals (D:2)
  A quokka (D:3)
  4 ball pythons
  8 bats
  2 frilled lizards
  5 kobolds
  8 rats
103 creatures vanquished.

Vanquished Creatures (collateral kills)
  2 orc priests (D:5)
2 creatures vanquished.

Vanquished Creatures (others)
  2 withered plants (D:5)
2 creatures vanquished.

Grand Total: 107 creatures vanquished

Notes
Turn   | Place    | Note
-------+----------+-------------------------------------------
     0 | D:1      | Balder the Demonspawn Gladiator began the quest for the
                  | Orb.
     0 | D:1      | Reached XP level 1. HP: 16/16 MP: 1/1
   263 | D:1      | Discovered your monstrous ancestry.
   263 | D:1      | Gained mutation: Your touch may inflict minor irresistible
                  | damage on your foes. [demonic ancestry]
   263 | D:1      | Reached XP level 2. HP: 15/22 MP: 2/2
  1241 | D:2      | Reached XP level 3. HP: 8/27 MP: 3/3
  1571 | D:2      | Reached skill level 1 in Stealth
  2174 | D:2      | Noticed Terence
  2184 | D:2      | Killed Terence
  2185 | D:2      | Reached skill level 1 in Armour
  2185 | D:2      | Reached skill level 3 in Dodging
  2185 | D:2      | Reached XP level 4. HP: 26/34 MP: 4/4
  2840 | D:3      | Found a faded altar of an unknown god.
  2994 | D:3      | Found a blossoming altar of Fedhas.
  3269 | D:4      | Gained mutation: You are partially covered in sharp spines.
                  | [demonic ancestry]
  3269 | D:4      | Reached XP level 5. HP: 32/40 MP: 5/5
  3524 | D:4      | Gained mutation: You have large cloven feet. [demonic
                  | ancestry]
  3524 | D:4      | Reached XP level 6. HP: 47/47 MP: 6/6
  3985 | D:5      | Entered Level 5 of the Dungeon
  4001 | D:5      | Found a snail-covered altar of Cheibriados.
  4060 | D:5      | Noticed Grinder
  4082 | D:5      | Killed Grinder
  4083 | D:5      | Gained mutation: A weak demonic guardian rushes to your
                  | aid. [demonic ancestry]
  4083 | D:5      | Reached XP level 7. HP: 50/53 MP: 7/7
  4121 | D:5      | Reached skill level 4 in Dodging
  4468 | D:5      | Found a basalt altar of Yredelemnul.
  4475 | D:5      | Found a shimmering altar of Xom.
  4529 | D:5      | Found an ancient bone altar of Kikubaaqudgha.
  4653 | D:5      | Found an iron altar of Okawaru.
  4663 | D:5      | Became a worshipper of Warmaster Okawaru
  4726 | D:5      | Found a staircase to the Ecumenical Temple.
  4885 | D:6      | Gained mutation: A demonic guardian rushes to your aid.
                  | [demonic ancestry]
  4885 | D:6      | Reached XP level 8. HP: 35/60 MP: 8/8
  5166 | D:6      | Noticed Edmund
  5175 | D:6      | Killed Edmund
  5176 | D:6      | Reached skill level 1 in Invocations
  5411 | D:6      | Reached * piety under Okawaru
  5438 | D:6      | Reached skill level 5 in Dodging
  5442 | D:6      | HP: 1/61 [poisoned by a gnoll sergeant]
  5442 | D:6      | Mangled by a gnoll sergeant

Illustrated notes

Levels and vault maps discovered:
D:1:      matt_arrival_refuge, layout_basic, kennysheep_pointless_box
D:2:      layout_basic, basic_altar, uniq_terence
D:3:      layout_basic, mainiacjoe_overflow_surrounded_room,
          hellmonk_ecumenical_altar_blasted
D:4:      layout_loops_cross
D:5:      layout_rooms, old_standard_altar, old_standard_altar,
          lemuel_coloured_pillars_altar, general_overflow_altar,
          yredelemnul_altar_generic, temple_doors_cd, uniq_grinder
D:6:      wad_guarded_room, layout_loops_cross, lemuel_round_altar,
          uniq_duvessa, uniq_edmund, uniq_eustachio

Skill      XL: |  1  2  3  4  5  6  7  8 |
---------------+-------------------------+-----
Throwing       | 2 3 4 |  4.4
Stealth        | 1 2 3 4 |  4.4
Maces & Flails | 3 4 |  4.9
Armour         | 1 2 3 |  3.7
Dodging        | 3 4 5 |  5.0
Fighting       | 3 4 |  4.9
Invocations    | 3 |  3.1

Action                   |  1- 3 |  4- 6 |  7- 9 || total
-------------------------+-------+-------+-------++-------
Melee: Flail             |    99 |    87 |    81 ||   267
       Touch             |    10 |    19 |    13 ||    42
       Punch             |     1 |       |       ||     1
       Kick              |       |    10 |    30 ||    40
Throw: Javelin           |     5 |     1 |     1 ||     7
       Throwing net      |     4 |       |       ||     4
       Dart              |       |     2 |       ||     2
Evoke: Wand              |       |       |     4 ||     4
  Use: Scroll            |       |     3 |     2 ||     5
       Potion            |       |       |     7 ||     7
 Stab: Held in net/web   |     1 |       |       ||     1
Armor: Leather armour    |    11 |       |       ||    11
       Ring mail         |    16 |       |       ||    16
       Scale mail        |    12 |       |       ||    12
       Chain mail        |       |    54 |    43 ||    97
Dodge: Dodged            |    47 |    30 |    39 ||   116
Block: Other             |    16 |    25 |    19 ||    60
       Reflection        |     2 |       |     1 ||     3
